Map: Ancient Cistern LE

Players

dmgy

  • Race: Protoss Protoss
  • Spawn Location: 7:00

winzboy - Winner!

  • Race: Protoss Protoss
  • League: Gold
  • Spawn Location: 1:00

VOD

Have the link to the VOD?

Description

Time

  • Played on: May 27, 2023, 3:44 a.m.
  • Length: 4:30
Show
View Real Time Build Order
Export as new Build Order

dmgy Protoss 

Build Orders: 1 Gate Expand 

Get SALT Encoding   

  12  0:00  Probe (Chrono Boost)  
  13  0:10  Probe (Chrono Boost)  
  14  0:21  Probe  
  15  0:30  Pylon  
  15  0:44  Assimilator  
  15  0:52  Gateway  
  15  0:53  Probe  
  16  0:58  Assimilator  
  16  1:05  Probe (Chrono Boost)  
  17  1:17  Probe (Chrono Boost)  
  18  1:22  Probe (Chrono Boost)  
  19  1:33  Nexus  
  19  1:38  Probe  
  20  1:46  Cybernetics Core  
  20  1:54  Pylon  
  20  1:58  Probe  
  21  2:15  Pylon  
  21  2:24  Adept  
  21  2:25  Forge, Warp Gate  
  23  2:31  Probe  
  24  2:45  Probe (Chrono Boost)  
  24  2:51  Assimilator  
  25  2:57  Probe (Chrono Boost)  
  27  3:02  Probe (Chrono Boost)  
  27  3:03  Probe (Chrono Boost)  
  28  3:14  Shield Battery  
  28  3:17  Shield Battery  
  28  3:22  Probe  
  29  3:28  Stargate  
Show
View Real Time Build Order
Export as new Build Order

winzboy Protoss - Winner!

Build Orders: 1 Gate Expand 

Get SALT Encoding   

  12  0:00  Probe  
  13  0:16  Pylon  
  13  0:18  Probe  
  14  0:31  Probe  
  15  0:38  Gateway  
  15  0:43  Assimilator  
  15  0:55  Probe (Chrono Boost)  
  17  1:05  Probe (Chrono Boost)  
  17  1:10  Probe (Chrono Boost)  
  18  1:21  Probe  
  19  1:28  Cybernetics Core  
  19  1:33  Probe  
  20  1:44  Nexus  
  20  1:51  Pylon  
  20  1:54  Probe  
  20  2:00  Assimilator  
  21  2:07  Probe, Warp Gate  
  22  2:13  Adept (Chrono Boost)  
  22  2:19  Probe  
  25  2:31  Probe  
  26  2:42  Robotics Facility  
  26  2:43  Probe  
  27  2:47  Gateway  
  27  2:55  Probe  
  27  2:57  Gateway  
  29  3:05  Probe (Chrono Boost)  
  29  3:10  Probe (Chrono Boost)  
  30  3:17  Probe (Chrono Boost)  
  32  3:20  Stalker (Chrono Boost)  
  32  3:24  Probe x2 (Chrono Boost)  
  35  3:31  Probe  
  35  3:32  Probe, Observer  
  38  3:37  Stalker (Chrono Boost)  
  40  3:43  Probe  
  40  3:44  Probe  
  40  3:55  Probe  
  40  3:56  Probe  
  40  4:07  Pylon  
  40  4:08  Probe x2  
  40  4:09  Pylon  
  40  4:11  Assimilator  
  40  4:14  Assimilator  
Tags
 
Add a new tag
Caveats
  • Supply blocks, unpowered buildings, or Contaminate may cause inaccurate times.
  • Supply counts are checked every 10 seconds.